 Dungeon Crawl Stone Soup version 0.28.0-53-g5a82cb258f (webtiles) character file.

Game seed: 6969833484354650814

79 firemarshallily the Cudgeller (level 4, -6/34 HPs)
             Began as a Demonspawn Gladiator on May 21, 2022.
             Mangled by a goblin
             ... wielding a +0 long sword
              (7 damage)
             ... on level 2 of the Dungeon.
             The game lasted 00:05:34 (2223 turns).

firemarshallily the Cudgeller (DsGl)                Turns: 2223, Time: 00:05:35

Health: -6/34      AC:  3    Str: 13 (16) XL:     4   Next: 16%
Magic:  4/4        EV: 12    Int:  8 (9)  God:
Gold:   24         SH:  0    Dex: 13 (15) Spells: 3/3 levels left

rFire   . . .      SeeInvis .   a - +0 flail
rCold   . . .      Faith    .   (no shield)
rNeg    . . .      Spirit   .   b - +0 leather armour
rPois   .          Reflect  .   (helmet restricted)
rElec   .          Harm     .   (no cloak)
rCorr   .          Rampage  .   (no gloves)
Will    .....                   (no boots)
Stlth   +.........              (no amulet)
HPRegen 0.11/turn               (no ring)
MPRegen 0.09/turn               (no ring)

@: no status effects
A: antennae 2
a: no special abilities


You were on level 2 of the Dungeon.
You visited 1 branch of the dungeon, and saw 3 of its levels.

You collected 24 gold pieces.

Inventory:

Hand Weapons
 a - a +0 flail (weapon)
Missiles
 d - 3 throwing nets (quivered)
 e - 89 stones
Armour
 b - a +0 leather armour (worn)
Scrolls
 c - 2 scrolls of noise {unknown}
 f - a scroll of acquirement {unknown}
 g - a scroll of identify {unknown}
 h - a scroll of magic mapping {unknown}
 j - a scroll of blinking {unknown}


   Skills:
 + Level 2.8 Fighting
 * Level 3.8 Maces & Flails
 - Level 2.0 Throwing
 - Level 3.0 Dodging


You had 3 spell levels left.
You didn't know any spells.
Your spell library was empty.

Dungeon Overview and Level Annotations

Branches:
Dungeon (3/15)

Altars:

Shops:
D:1 =


Innate Abilities, Weirdness & Mutations

You have a pair of antennae on your head.


Message History

You hit the quokka but do no damage.
The quokka is severely wounded.
The quokka closely misses you.
You barely miss the quokka.
The quokka is severely wounded.
The quokka misses you. The quokka barely misses you.
You hit the quokka.
The quokka is almost dead.
The quokka twitches its whiskers.
The quokka bites you but does no damage.
You sock the quokka!
You kill the quokka!
A goblin comes into view. It is wielding a +0 long sword.
You see here a hobgoblin corpse.
The goblin shouts!
There is an open door here.
You hit the goblin.
The goblin is moderately wounded.
The goblin hits you with a +0 long sword! x2
You closely miss the goblin.
The goblin is moderately wounded.
The goblin hits you with a +0 long sword.
You barely miss the goblin.
The goblin hits you with a +0 long sword.
* * * LOW HITPOINT WARNING * * *
You miss the goblin.
The goblin hits you with a +0 long sword!
* * * LOW HITPOINT WARNING * * *
There is an open door here.
You see here a hobgoblin corpse.
It was a potion of degeneration.
There was something very wrong with that liquid.
You feel weakened.
You feel dopey.
You feel clumsy.
The goblin hits you with a +0 long sword.
* * * LOW HITPOINT WARNING * * *
You barely miss the goblin. The goblin misses you.
You barely miss the goblin. The goblin closely misses you. x2
You closely miss the goblin. Your punch misses the goblin.
The goblin hits you with a +0 long sword!
You die...

########## #.........
#......... #.........
########## #.........
.........#####.........
##########.#..@g.........
...........#.###.........
###..#....#....#'#######
#.......†.##.#'#
#....)..#.......
#.......#........
........#.##.##.....
#########.##.##......
#..........#.##.......


You could see a goblin.

Vanquished Creatures
  3 adders (D:2)
  A worm (D:2)
  A dart slug (D:1)
  2 orcs (D:3)
  4 ball pythons (D:1)
  6 bats
  6 endoplasms
  2 goblins
  5 hobgoblins
  3 jackals (D:1)
  4 quokkas
  2 frilled lizards (D:1)
  A kobold (D:1)
  2 rats (D:1)
42 creatures vanquished.

Vanquished Creatures (others)
  6 plants (D:2)
6 creatures vanquished.

Grand Total: 48 creatures vanquished

Notes
Turn   | Place    | Note
-------+----------+-------------------------------------------
     0 | D:1      | firemarshallily the Demonspawn Gladiator began the quest
                  | for the Orb.
     0 | D:1      | Reached XP level 1. HP: 16/16 MP: 1/1
   347 | D:1      | Discovered your monstrous ancestry.
   347 | D:1      | Gained mutation: You have a pair of small antennae on your
                  | head. [demonic ancestry]
   347 | D:1      | Reached XP level 2. HP: 22/22 MP: 2/2
   861 | D:1      | Found Yjacla's Jewellery Shop.
  1212 | D:2      | Reached XP level 3. HP: 18/28 MP: 3/3
  1454 | D:2      | You fall into a shaft and drop 1 floor!
  2118 | D:2      | Gained mutation: You have a pair of antennae on your head.
                  | [demonic ancestry]
  2118 | D:2      | Reached XP level 4. HP: 31/34 MP: 4/4
  2220 | D:2      | HP: 1/34 [goblin/+0 long sword (2)]
  2223 | D:2      | Mangled by a goblin

Illustrated notes

Levels and vault maps discovered:
D:1:      dpeg_arrival_long_road, layout_loops_cross, serial_shops,
          nicolae_square_shop, chequers_serial_rivers_micro_e
D:2:      layout_basic, basic_altar, serial_bayou_lagoon_a, uniq_natasha,
          uniq_sigmund
D:3:      layout_basic

Skill      XL: |  1  2 |
---------------+-------+-----
Maces & Flails | 3 |  3.8
Throwing       | 2 |  2.0
Dodging        | 3 |  3.0
Fighting       | |  2.8

Action                   |  1- 3 |  4- 6 || total
-------------------------+-------+-------++-------
Melee: Flail             |   121 |    23 ||   144
       Punch             |     1 |     1 ||     2
  Use: Potion            |     1 |     1 ||     2
 Stab: Sleeping          |     1 |       ||     1
Armor: Leather armour    |    33 |     2 ||    35
Dodge: Dodged            |   110 |    16 ||   126
